 Dungeon Crawl Stone Soup version 0.29-a0-757-g358383bc75 (webtiles) character file.

Game seed: 1311402333540420391

103 buhh the Shooter (level 5, -27/38 HPs)
             Began as a Formicid Hunter on June 30, 2022.
             Killed by an exploding kobold (56 damage)
             ... ignited by their inner flame
             ... in a sewer.
             The game lasted 00:02:47 (1274 turns).

buhh the Shooter (Formicid Hunter)                  Turns: 1274, Time: 00:02:48

Health: -27/38     AC:  3    Str: 15    XL:     5   Next: 6%
Magic:  5/5        EV: 12    Int:  9    God:
Gold:   78         SH:  5    Dex: 25    Spells: 4/4 levels left

rFire   . . .      SeeInvis +   a - +1 shortbow
rCold   . . .      Faith    .   (no shield)
rNeg    . . .      Spirit   .   c - +0 leather armour
rPois   .          Reflect  +   (helmet unavailable)
rElec   .          Harm     .   (no cloak)
rCorr   .          Rampage  .   (no gloves)
Will    .....                   (no boots)
Stlth   +.........              e - amulet of reflection
HPRegen 0.12/turn               f - +6 ring of dexterity
MPRegen 0.09/turn               (no ring)

@: very slow
A: permanent stasis, dig shafts and tunnels, antennae 3, four strong arms
a: Dig


You were in a sewer.
You visited 1 branch of the dungeon, and saw 3 of its levels.
You also visited: Sewer.

You collected 78 gold pieces.

Inventory:

Hand Weapons
 a - a +1 shortbow (weapon)
Armour
 c - a +0 leather armour (worn)
Jewellery
 e - an amulet of reflection (around neck)
 f - a +6 ring of dexterity (left hand)
Scrolls
 T - 2 scrolls of immolation {!d}
 X - a scroll of amnesia
Potions
 h - a potion of attraction
 i - a potion of might {unknown}
 j - a potion of curing {unknown}
 M - a potion of heal wounds {!q!d}
 U - a potion of mutation {!d}


   Skills:
 - Level 2.1 Fighting
 + Level 6.0 Ranged Weapons
 - Level 1.7 Dodging
 - Level 1.2 Stealth


You had 4 spell levels left.
You didn't know any spells.
Your spell library was empty.

Dungeon Overview and Level Annotations

Branches:
Dungeon (3/15) Zot: 16734   Sewer (1/1) Zot: 5951

Altars:


Innate Abilities, Weirdness & Mutations

You cannot be hasted, slowed, berserked, paralysed or teleported.
You can dig through walls and to a lower floor.
You have a pair of large antennae on your head. (SInv)
Your four strong arms can wield two-handed weapons with a shield.


Message History

A rat comes into view.
You shoot an arrow. The arrow hits the rat.
You kill the rat!
You sense a monster nearby.
You open the large door.
A kobold brigand and 6 kobolds come into view.
The kobold brigand is wielding a +0 short sword and quivering poisoned darts.
A kobold is wielding a +0 short sword and quivering poisoned darts.
A kobold is wielding a +0 antimagic whip.
A kobold is wielding a +1 whip of electrocution.
A kobold is wielding a +1 short sword of venom and quivering poisoned darts.
The kobold shouts! x5; The kobold brigand shouts!
The kobold shouts!
Found four items.
Found a gate leading back out of this place.
Really read the scroll of immolation?
As you read the scroll of immolation {!d}, it crumbles to dust.
The creatures around you are filled with an inner flame!
The kobold hits you with a +0 short sword.
The kobold hits you but does no damage.
You are poisoned.
The kobold attacks as you move away!
The kobold hits you with a +0 short sword.
You enter the shallow water.
Moving in this stuff is going to be slow.
You feel sick.
You feel sick. The kobold attacks as you move away!
The kobold barely misses you.
You feel sick.
You feel sick.
You are no longer poisoned.
Fire: a) +1 shortbow
Press: ? - help, Q - select action, (/) - cycle Shift-Dir - straight line, f - kobold
Aim: a kobold, wielding a +1 short sword of venom and quivering poisoned darts (inner flame)
You shoot an arrow. The arrow hits the kobold!
You hear a splash.
The kobold explodes!
The fiery explosion engulfs the kobold!!!
You hear a splash.
The fiery explosion engulfs the kobold!!
You hear a splash. x2
The kobold explodes! x2
The fiery explosion engulfs you!!!
Ouch! That really hurt!
You die...

#.##.....
########........
#####.!..#.....P....
#.∩.#).?KK..........
#.∩.#.∩.K'KK≈P≈†....
#...#....#{{{≈≈≈....
###'########§§######
#≈≈≈≈≈≈≈≈§§§§§≈≈≈≈≈≈
#≈≈≈≈≈≈≈≈@§§§§≈≈≈≈≈≈
#≈≈≈≈≈≈≈≈≈≈≈≈≈≈≈≈≈≈≈
#################≈≈≈
{ ≈≈ . { { {{ {


There were no monsters in sight!

Vanquished Creatures
  6 adders
  2 dart slugs (D:1)
  4 ball pythons
  5 endoplasms
  5 giant cockroaches
  7 goblins
  4 hobgoblins
  A quokka (D:1)
  2 bats (D:1)
  3 frilled lizards
  6 kobolds
  2 rats
47 creatures vanquished.

Vanquished Creatures (others)
  A plant (D:2)
1 creature vanquished.

Grand Total: 48 creatures vanquished

Notes
Turn   | Place    | Note
-------+----------+-------------------------------------------
     0 | D:1      | buhh the Formicid Hunter began the quest for the Orb.
     0 | D:1      | Reached XP level 1. HP: 16/16 MP: 1/1
   103 | D:1      | Reached XP level 2. HP: 22/22 MP: 2/2
   309 | D:1      | Found a faded altar of an unknown god.
   352 | D:1      | Reached XP level 3. HP: 27/27 MP: 3/3
   442 | D:1      | Reached skill level 5 in Ranged Weapons
   728 | D:2      | Reached XP level 4. HP: 31/33 MP: 4/4
  1061 | D:3      | Found a glowing drain.
  1082 | D:3      | Reached skill level 6 in Ranged Weapons
  1082 | D:3      | Reached XP level 5. HP: 21/38 MP: 5/5
  1239 | Sewer    | Entered a sewer
  1267 | Sewer    | Noticed a kobold brigand
  1274 | Sewer    | Killed by an exploding kobold... ignited by their inner
                  | flame

Illustrated notes

Levels and vault maps discovered:
D:1:      dreamdust_arrival_sigmund_warning, layout_loops_cross,
          hellmonk_ecumenical_altar_zigzags, moated_statue
D:2:      layout_basic, minmay_shallow_snake_nest
D:3:      layout_basic, grunt_temple_overflow_lords_of_destruction,
          gup_sewer_entry_glass
Sewer:    kennysheep_pipe_town

Skill      XL: |  1  2  3  4 |
---------------+-------------+-----
Ranged Weapons | 5 6 |  6.0
Fighting       | |  2.1
Dodging        | |  1.7
Stealth        | |  1.2

Action                   |  1- 3 |  4- 6 || total
-------------------------+-------+-------++-------
 Fire: Shortbow          |    61 |    35 ||    96
 Abil: Dig               |     1 |       ||     1
  Use: Scroll            |     3 |     4 ||     7
Armor: Leather armour    |    11 |    11 ||    22
Dodge: Dodged            |    11 |    16 ||    27
Block: Other             |       |     7 ||     7

Table legend: (Time is in decaauts)
 A = Elapsed time spent in this place.
 B = Non-inter-level travel time spent in this place.
 C = Inter-level travel time spent in this place.
 D = Time resting spent in this place.
 E = Time spent auto-exploring this place.
 F = Levels seen in this place.
 G = Mean time per level.
                   A        B        C        D        E       F      G
               +--------+--------+--------+--------+--------+-----+--------+
         Total |   1314 |   1247 |     67 |    146 |    843 |   4 |  328.5 |
       Dungeon |   1265 |   1198 |     67 |    146 |    834 |   3 |  421.7 |
         Sewer |     48 |     48 |      0 |      0 |      9 |   1 |   48.0 |
               +--------+--------+--------+--------+--------+-----+--------+

Top non-repeatable levels by time:
     D:1: 673 daAuts
     D:2: 381 daAuts
     D:3: 211 daAuts
   Sewer: 48 daAuts
